 Dungeon Crawl Stone Soup version 0.29-a0-925-g0a7a3d12f8 (webtiles) character file.

Game seed: 9310529763115870139

80 spiderkeys the Poker (level 4, -6/46 HPs)
             Began as an Octopode Chaos Knight on July 30, 2022.
             Was a Plaything of Xom.
             Mangled by a swamp drake (7 damage)
             ... on level 3 of the Dungeon.
             The game lasted 00:04:06 (2212 turns).

spiderkeys the Poker (Octopode Chaos Knight)        Turns: 2212, Time: 00:04:07

Health: -6/46      AC: 22    Str: 17    XL:     4   Next: 39%
Magic:  15/15      EV:  2    Int: 14    God:    Xom [....*.]
Gold:   75         SH:  0    Dex: 13    Spells: 3/6 levels left

rFire   . . .      SeeInvis .   a - +0 spear (chaos)
rCold   . . .      Faith    .   (no shield)
rNeg    . . .      Spirit   .   (helmet currently unavailable)
rPois   +          Reflect  .   (no amulet)
rElec   .          Harm     .   S - +6 ring of strength
rCorr   .          Rampage  .   W - ring of magical power
Will    .....      NoTele   +   (no ring)
Stlth   +.........              (no ring)
HPRegen 0.15/turn               (no ring)
MPRegen 0.14/turn               (no ring)
                                (no ring)
                                (no ring)

@: tree-form, attractive, invisible
A: stationary, stasis, torment immunity, boosted hp, almost no armour,
(amphibious), 8 rings, (camouflage 1), (gelatinous body 1), (nimble swimmer 1),
(tentacles)
a: Renounce Religion


You were on level 3 of the Dungeon.
You worshipped Xom.
You were a beloved toy of Xom.
You were a tree.
You visited 1 branch of the dungeon, and saw 3 of its levels.

You collected 75 gold pieces.


Innate Abilities, Weirdness & Mutations

You are a tree.
Your roots penetrate the ground, keeping you stationary.
You cannot be teleported.
You are immune to unholy pain and torment.
Your maximum health is greatly increased.
You cannot wear most types of armour.
((You are amphibious.))
You can wear up to eight rings at the same time.
((Your skin changes colour to match your surroundings (Stealth+).))
((Your rubbery body absorbs attacks. (AC +1, EV +1)))
((You are camouflaged when in or above water. (Stealth+)))
((You have tentacles for arms and can constrict up to eight enemies at once.))


   Skills:
 - Level 3.1 Fighting
 - Level 3.1 Polearms
 - Level 3.0 Dodging
 * Level 1.7 Spellcasting
 * Level 2.0 Ice Magic


You had 3 spell levels left.
You knew the following spells:

 Your Spells              Type           Power      Damage    Failure   Level
o - Ozocubu's Armour      Ice            7%         N/A       30%         3

Your spell library contained the following spells:

 Spells                   Type           Power      Damage    Failure   Level
 Static Discharge         Conj/Air       1%         3-4/arc   36%         2
 Sublimation of Blood     Necr           1%         N/A       36%         2
 Dispel Undead            Necr           1%         3d6       94%         4
 Petrify                  Tmut/Erth      1%         N/A       94%         4
 Sticky Flame             Conj/Fire      1%         2d3       94%         4
 Metabolic Englaciation   Hex/Ice        2%         N/A       99%         5
 Irradiate                Conj/Tmut      0%         3d11      100%        5
 Simulacrum               Ice/Necr       2%         N/A       100%        6

Inventory:

Hand Weapons
 a - a +0 spear of chaos (weapon)
 i - the +4 short sword "Komesiuz" {protect, rElec rCorr Int-2 Dex-3}
   (You found it on level 2 of the Dungeon)

   It grants its wielder temporary protection when it strikes (+7 to AC).
   Int:       It affects your intelligence (-2).
   Dex:       It affects your dexterity (-3).
   rElec:     It insulates you from electricity.
   rCorr:     It protects you from acid and corrosion.
 l - a +0 trident
   (You found it on level 2 of the Dungeon)
Missiles
 d - 18 stones
 n - 4 poisoned darts
Jewellery
 S - a +6 ring of strength (left branch)
   (You found it on level 1 of the Dungeon)
 W - a ring of magical power (right branch)
   (You found it on level 1 of the Dungeon)
Scrolls
 h - a scroll of immolation {!r!r}
Miscellaneous
 b - a piece from Xom's chessboard (15/15) (quivered)

Dungeon Overview and Level Annotations

Branches:
Dungeon (3/15) Zot: 15795

Altars:

############
#.○b♣{○.....
#######○###k○.....
#.......## ○b.####
#...........b##
#######.#########..#
........## ....
######.#.## #.##
......###.# .#
######.#..########.#


You could see a swamp drake (strong, agile, unable to see you, drained, ally
target).


Message History

Your butterfly appears confused.
Your butterfly is engulfed in noxious fumes.
Your butterfly appears confused.
It was a potion of invisibility.
You fade into invisibility!
You choke on the stench!
You are more confused.
You feel sick.
Your butterfly is engulfed in noxious fumes.
Your butterfly appears confused.
Your butterfly is engulfed in noxious fumes.
Your butterfly appears confused.
Your butterfly is engulfed in noxious fumes.
Your butterfly appears confused.
Your butterfly is engulfed in noxious fumes.
Your butterfly appears confused.
Your butterfly is engulfed in noxious fumes.
Your butterfly appears confused.
Your butterfly is engulfed in noxious fumes.
Your butterfly appears confused.
The swamp drake misses you. The swamp drake completely misses you.
Your butterfly is engulfed in noxious fumes.
Your butterfly appears confused.
Your butterfly is engulfed in noxious fumes.
Your butterfly appears confused. 😱 HP[-1]
You take 1 damage, and now have 7/31 hp.
It was a potion of lignification.
You turn into a tree.
Your roots penetrate the ground.
You feel sick.
Your butterfly is engulfed in noxious fumes.
Your butterfly appears confused.
Your butterfly is engulfed in noxious fumes.
Your butterfly appears confused.
The swamp drake breathes poison at you.
The noxious blast engulfs you but does no damage.
You resist.
The swamp drake bites you but does no damage.
Your butterfly is engulfed in noxious fumes.
Your butterfly appears confused.
Your butterfly is engulfed in noxious fumes.
Your butterfly appears confused. 😱 HP[+3]
You now have 46 max hp (+15).
You regained 3 hp, and now have 10/46 hp.
It was a potion of attraction.
You feel attractive to monsters.
Xom thinks this is hilarious!
You feel less confused.
You feel sick.
You are no longer poisoned.
The swamp drake bites you.
* * * LOW HITPOINT WARNING * * *
The swamp drake bites you but does no damage. 😱 HP[-1]
You take 1 damage, and now have 9/46 hp.
You hit the swamp drake.
The swamp drake flickers and vanishes!
Deactivating autopickup; reactivate with Ctrl-A.
The swamp drake bites you but does no damage.
Something bites you.
* * * LOW HITPOINT WARNING * * *
😱 HP[-5]
You take 5 damage, and now have 4/46 hp.
You barely miss the swamp drake.
You are now a beloved toy of Xom.
The swamp drake bites you but does no damage.
Something bites you.
* * * LOW HITPOINT WARNING * * *
😱 HP[-3]
You take 3 damage, and now have 1/46 hp.
You aren't carrying any potions.
Unknown command.
Okay, then.
As you read the scroll labelled CULAUR MOFOERR, it crumbles to dust.
It is a scroll of identify.
h - a scroll of immolation The swamp drake bites you but does no damage.
Something bites you but does no damage.
As you read the scroll labelled WAIWAPLEOF, it crumbles to dust.
You hear a loud clanging noise!
It was a scroll of noise.
You hear an angry hiss.
You hear a shout! x2
The swamp drake breathes poison at you.
The noxious blast engulfs you but does no damage.
You resist.
A noxious blast appears from out of thin air!
The noxious blast engulfs you but does no damage.
You resist.
Your butterfly is engulfed in noxious fumes.
Your butterfly appears confused.
Your butterfly is engulfed in noxious fumes.
Your butterfly appears confused.
Your butterfly is engulfed in noxious fumes.
Your butterfly appears confused.
You catch the helpless swamp drake completely off-guard!
You hit the swamp drake.
The swamp drake seems to grow stronger.
Your butterfly is engulfed in noxious fumes.
Your butterfly appears confused.
The swamp drake bites you but does no damage.
Something bites you!
You die...

Skill      XL: |  1  2  3  4 |
---------------+-------------+-----
Ice Magic      | 1 2 |  2.0
Spellcasting   | 1 |  1.7
Dodging        | 3 |  3.0
Fighting       | |  3.1
Polearms       | |  3.1

Action                   |  1- 3 |  4- 6 || total
-------------------------+-------+-------++-------
Melee: Spear             |    72 |    67 ||   139
       Constrict         |    14 |    10 ||    24
       Tentacles         |    12 |    14 ||    26
       Punch             |     2 |       ||     2
  Use: Potion            |       |     6 ||     6
       Scroll            |       |     2 ||     2
 Stab: Petrifying        |     1 |       ||     1
       Sleeping          |     6 |     1 ||     7
       Distracted        |       |     1 ||     1
       Invisible         |       |     1 ||     1
Armor: Skin              |     2 |    12 ||    14
Dodge: Dodged            |    23 |    39 ||    62

Levels and vault maps discovered:
D:1:      minmay_arrival_up_and_down, layout_rooms, serial_aquarium,
          aquarium_bridge_long_separate [aquarium_subvault_bridge,
          aquarium_subvault_window, aquarium_subvault_bridge,
          aquarium_subvault_bridge, aquarium_subvault_bridge,
          aquarium_subvault_bridge], aquarium_bridge_square
          [aquarium_subvault_bridge, aquarium_subvault_window,
          aquarium_subvault_wall, aquarium_subvault_bridge],
          aquarium_window_corridor_3, aquarium_window_fake, aquarium_view_2c,
          aquarium_view_2f, aquarium_balcony_5b, aquarium_pool_double
D:2:      layout_rooms, hellmonk_ecumenical_altar_run_dry
D:3:      layout_loops_ring, lightli_temple_of_fire, serial_shops, shop,
          minmay_misc_feat_square

Notes
Turn   | Place    | Note
-------+----------+-------------------------------------------
     0 | D:1      | spiderkeys the Octopode Chaos Knight began the quest for
                  | the Orb.
     0 | D:1      | Reached XP level 1. HP: 16/16 MP: 1/1
     0 | D:1      | magus.rc [v1.11.3]
    35 | D:1      | HP: 4/16 [quokka (4)]
   218 | D:1      | XOM: divination: detect items
   314 | D:1      | Reached XP level 2. HP: 20/21 MP: 2/2
   346 | D:1      | You pick up a book of Winter and begin reading...
   346 | D:1      | You add the spells Ozocubu's Armour, Metabolic Englaciation
                  | and Simulacrum to your library.
   697 | D:1      | XOM: enchant monster (bad)
  1045 | D:2      | Reached XP level 3. HP: 26/26 MP: 4/4
  1047 | D:2      | Reached skill level 1 in Ice Magic
  1067 | D:2      | Found a faded altar of an unknown god.
  1093 | D:2      | Reached skill level 1 in Spellcasting
  1275 | D:2      | Reached skill level 3 in Dodging
  1294 | D:2      | Identified the +4 short sword "Komesiuz" {protect, rElec
                  | rCorr Int-2 Dex-3}
  1382 | D:2      | Reached XP level 4. HP: 26/31 MP: 6/6
  1441 | D:2      | You pick up a book of Touch and begin reading...
  1441 | D:2      | You add the spells Static Discharge, Sticky Flame and
                  | Dispel Undead to your library.
  1460 | D:2      | Learned a level 3 spell: Ozocubu's Armour
  1498 | D:2      | HP: 7/31 [something (1)]
  1556 | D:2      | XOM: summons 3 hostile demons
  1590 | D:2      | XOM: noise
  2025 | D:3      | Reached skill level 2 in Ice Magic
  2106 | D:3      | You pick up a book of Alchemy and begin reading...
  2106 | D:3      | You add the spells Sublimation of Blood, Petrify and
                  | Irradiate to your library.
  2193 | D:3      | Noticed a swamp drake
  2193 | D:3      | a worm changed into a swamp drake
  2203 | D:3      | XOM: butterfly on damage
  2205 | D:3      | HP: 7/31 [poisoned by a swamp drake (noxious blast)]
  2209 | D:3      | HP: 1/46 [something (3)]
  2212 | D:3      | Mangled by a swamp drake

Vanquished Creatures
  2 adders (D:2)
  3 worms
  7 ball pythons
  5 bats
  3 endoplasms
  7 goblins
  2 hobgoblins
  4 jackals (D:2)
  7 kobolds
  4 quokkas
  3 frilled lizards
  A rat (D:1)
48 creatures vanquished.

Table legend:
 A = Non-vault XP
 B = Vault XP
 C = Vault XP percentage of total XP
 D = Non-vault monster count
 E = Vault monster count
 F = Vault count percentage of total count
                 A         B        C        D         E       F
            +---------+---------+-------+---------+---------+-------
      Total |     115 |       0 |   0.0 |      48 |       0 |   0.0
            +---------+---------+-------+---------+---------+-------
        D:1 |      30 |       0 |   0.0 |      17 |       0 |   0.0
        D:2 |      76 |       0 |   0.0 |      27 |       0 |   0.0
        D:3 |       9 |       0 |   0.0 |       4 |       0 |   0.0
            +---------+---------+-------+---------+---------+-------

Illustrated notes

Table legend:
 A = Kills in this place as a percentage of kills in entire the game.
 B = Kills by you in this place as a percentage of kills by you in the entire game.
 C = Kills by friends in this place as a percentage of kills by friends in the entire game.
 D = Other kills in this place as a percentage of other kills in the entire game.
 E = Experience gained in this place as a percentage of experience gained in the entire game.
 F = Experience gained in this place divided by the number of levels of this place that you have seen.
                   A       B       C       D       E      F
               +-------+-------+-------+-------+-------+----------------------
         Total | 100.0 | 100.0 |   N/A |   N/A | 100.0 |  38.3
       Dungeon | 100.0 | 100.0 |   N/A |   N/A | 100.0 |  38.3
               +-------+-------+-------+-------+-------+----------------------

Table legend: (Time is in decaauts)
 A = Elapsed time spent in this place.
 B = Non-inter-level travel time spent in this place.
 C = Inter-level travel time spent in this place.
 D = Time resting spent in this place.
 E = Time spent auto-exploring this place.
 F = Levels seen in this place.
 G = Mean time per level.
                   A        B        C        D        E       F      G
               +--------+--------+--------+--------+--------+-----+--------+
         Total |   2203 |   2072 |    131 |    129 |   1627 |   3 |  734.3 |
       Dungeon |   2203 |   2072 |    131 |    129 |   1627 |   3 |  734.3 |
               +--------+--------+--------+--------+--------+-----+--------+

Top non-repeatable levels by time:
     D:1: 1036 daAuts
     D:2: 974 daAuts
     D:3: 191 daAuts
